Fort Wayne Komets vs Adelaide Pink Elephants
Created - Tuesday, September 26, 2023 at 06:37
Goals
|
| Fort Wayne Komets |
0 |
1 |
0 |
1 |
| Adelaide Pink Elephants |
0 |
1 |
3 |
4 |
|
Shots
|
| Fort Wayne Komets |
14 |
17 |
13 |
44 |
| Adelaide Pink Elephants |
7 |
9 |
10 |
26 |
|
1st period
No Goal
Penalties :
Ryan Suzuki (APE) for Fighting (Major) at 0:40, Henry Rybinski (FWK) for Fighting (Major) at 0:40, Ryan Suzuki (APE) for instigated a fight (Minor) at 0:40, Ryan Suzuki (APE) for instigated and being the aggresor in a fight (20 Minutes Game Misconduct) at 0:40
2nd period
1. Adelaide Pink Elephants , Axel Jonsson-Fjallby 6 (Jacob Bernard-Docker 7) at 8:43
2. Fort Wayne Komets , Juuso Parssinen 7 (Adam Klapka 5, Tim Berni 5) at 11:39
Penalties :
Aatu Raty (APE) for Fighting (Major) at 1:02, Peetro Seppala (FWK) for Fighting (Major) at 1:02, AJ Greer (APE) for Fighting (Major) at 9:57, Brandon Duhaime (FWK) for Fighting (Major) at 9:57, Adam Gaudette (APE) for Hooking (Minor) at 12:45
3rd period
3. Adelaide Pink Elephants , Matthew Phillips 13 (Caleb Jones 2, Fredrik Olofsson 12) at 7:28
4. Adelaide Pink Elephants , Denis Gurianov 12 (Adam Gaudette 9) at 11:44 (PP)
5. Adelaide Pink Elephants , Fredrik Olofsson 5 (Tyson Foerster 12, Matthew Phillips 15) at 13:49 (PP)
Penalties :
Adam Klapka (FWK) for Interference (Minor) at 3:43, Tim Berni (FWK) for Hooking (Minor) at 11:38, AJ Greer (APE) for Fighting (Major) at 13:24, Tye Kartye (FWK) for Fighting (Major) at 13:24, William Borgen (FWK) for High sticking (Minor) at 13:41, Jacob Bernard-Docker (APE) for Fighting (Major) at 15:49, Adam Klapka (FWK) for Fighting (Major) at 15:49
Goalie Stats
Taylor Gauthier (FWK), 22 saves from 26 shots - (0.846), L, 6-11-0, 60:00 minutes
Dustin Wolf (APE), 43 saves from 44 shots - (0.977), W, 12-4-3, 60:00 minutes
Players Stats for Fort Wayne Komets
Player Name G A P +/- PIM S H SB GA TA FO MP PP MP PK MP
------------------------------------------------------------------------------------
Adam Klapka 0 1 1 0 7 4 6 0 1 0 7/15 15:10 0:00 0:00
Albert Johansson 0 0 0 0 0 0 0 0 0 0 0/0 12:38 0:00 0:00
Alex Steeves 0 0 0 1 0 4 4 0 0 0 1/3 19:01 1:57 0:28
Brandon Duhaime 0 0 0 -1 5 3 2 0 2 0 0/0 8:26 0:00 0:52
Brett Murray 0 0 0 1 0 3 2 0 0 0 0/3 17:52 2:01 0:00
Casey Fitzgerald 0 0 0 0 0 0 2 0 0 0 0/0 16:40 2:09 1:16
Egor Afanasyev 0 0 0 -1 0 0 0 0 0 1 0/0 7:36 0:00 0:00
Henry Rybinski 0 0 0 0 5 3 1 0 1 0 0/1 14:19 0:00 0:00
Jaret Anderson-Dolan 0 0 0 -1 0 0 2 0 0 0 1/1 17:02 1:57 0:00
Juuso Parssinen 1 0 1 1 0 4 1 1 2 0 7/14 17:39 1:57 0:00
Louis Crevier 0 0 0 -1 0 3 3 3 0 0 0/0 24:45 2:09 1:08
Mason Shaw 0 0 0 0 0 6 2 0 0 1 0/2 16:45 0:00 0:59
Nils Aman 0 0 0 -1 0 2 0 0 1 1 3/8 10:35 0:00 1:10
Otto Koivula 0 0 0 -1 0 3 1 1 0 0 7/15 16:55 2:01 0:00
Peetro Seppala 0 0 0 0 5 1 1 1 0 0 0/0 18:28 0:00 0:00
Tim Berni 0 1 1 -1 2 1 2 1 0 1 0/0 23:13 1:49 1:05
Tye Kartye 0 0 0 -1 5 5 1 0 0 0 0/0 16:45 2:01 0:57
William Borgen 0 0 0 0 2 2 3 0 0 0 0/0 23:50 1:49 0:57
Players Stats for Adelaide Pink Elephants
Player Name G A P +/- PIM S H SB GA TA FO MP PP MP PK MP
------------------------------------------------------------------------------------
Aatu Raty 0 0 0 1 5 1 0 0 0 1 1/2 16:28 0:00 0:12
Adam Gaudette 0 1 1 0 2 2 1 2 0 1 18/31 21:59 1:05 1:02
AJ Greer 0 0 0 0 10 0 0 1 0 0 0/0 16:43 1:05 0:57
Alex Vlasic 0 0 0 0 0 0 0 0 0 0 0/0 7:58 0:00 0:00
Axel Jonsson-Fjallby 1 0 1 1 0 2 3 1 1 0 0/2 17:17 0:00 1:06
Benjamin Gleason 0 0 0 0 0 0 1 1 0 0 0/0 8:59 0:00 0:00
Caleb Jones 0 1 1 0 0 1 1 2 0 0 0/0 19:14 1:04 2:00
Denis Gurianov 1 0 1 0 0 4 0 0 0 0 1/2 22:54 1:05 2:05
Fredrik Olofsson 1 1 2 0 0 2 2 0 1 0 1/1 19:43 1:08 0:37
Jacob Bernard-Docker 0 1 1 1 5 1 0 2 0 2 0/0 18:01 1:09 1:58
Matthew Phillips 1 1 2 0 0 3 0 1 1 1 9/14 21:38 1:08 1:57
Nick Cicek 0 0 0 0 0 2 0 1 0 0 0/0 19:14 1:04 2:00
Robin Salo 0 0 0 0 0 1 0 1 0 0 0/0 14:48 0:00 0:00
Ryan Suzuki 0 0 0 0 27 0 0 0 0 0 0/0 0:06 0:00 0:00
Tristen Robins 0 0 0 1 0 3 0 0 1 1 6/9 17:02 0:00 0:00
Tyson Foerster 0 1 1 0 0 3 2 0 0 0 0/1 20:26 1:08 0:00
Ville Heinola 0 0 0 0 0 0 0 1 0 0 0/0 13:41 0:00 0:00
Zachary Jones 0 0 0 1 0 1 0 2 0 1 0/0 19:45 1:09 1:58
3 Stars
1 - Dustin Wolf (APE)
2 - Fredrik Olofsson (APE)
3 - Axel Jonsson-Fjallby (APE)
Power Play
Fort Wayne Komets - 0 on 2 Attempt(s) - 0.00%
Adelaide Pink Elephants - 2 on 3 Attempt(s) - 66.67%
Penalty Kill
Fort Wayne Komets - 1 on 3 Attempt(s) - 33.33%
- Score 0 goal in Penalty Kill
Adelaide Pink Elephants - 2 on 2 Attempt(s) - 100.00%
- Score 0 goal in Penalty Kill
Team Stat
Fort Wayne Komets - Hits : 33 - Faceoff Wins : 26 - Blocked Shots : 7 - Penalty Minutes : 31
Adelaide Pink Elephants - Hits : 10 - Faceoff Wins : 36 - Blocked Shots : 15 - Penalty Minutes : 49
Official
Referees : Kyle Rehman and Eric Furlatt
Linesman : Michel Cormier and Trent Knorr
Game Notes
Henry Rybinski beats up Ryan Suzuki at 0:40 of 1st period
Ryan Suzuki ejected from game at 0:40 of 1st period
Aatu Raty and Peetro Seppala fight to a draw at 1:02 of 2nd period
AJ Greer beats up Brandon Duhaime at 9:57 of 2nd period
AJ Greer beats up Tye Kartye at 13:24 of 3rd period
Jacob Bernard-Docker and Adam Klapka fight to a draw at 15:49 of 3rd period
Fort Wayne Komets
5 vs 5 Forward
Center Left Wing Right Wing Time % Phy DF OF
1 Juuso Parssinen Brett Murray Alex Steeves 30 2 2 1
2 Otto Koivula Tye Kartye Jaret Anderson-Dolan 30 2 1 2
3 Adam Klapka Mason Shaw Henry Rybinski 30 1 1 3
4 Nils Aman Egor Afanasyev Brandon Duhaime 10 2 2 1
5 vs 5 Defense
Defense Defense Time % Phy DF OF
1 William Borgen Peetro Seppala 38 1 2 2
2 Tim Berni Louis Crevier 38 1 2 2
3 Casey Fitzgerald Albert Johansson 24 1 3 1
4 William Borgen Tim Berni 0 1 2 2
PowerPlay Forward
Center Left Wing Right Wing Time % Phy DF OF
1 Juuso Parssinen Alex Steeves Jaret Anderson-Dolan 50 0 1 4
2 Otto Koivula Tye Kartye Brett Murray 50 0 1 4
PowerPlay Defense
Defense Defense Time % Phy DF OF
1 William Borgen Tim Berni 50 0 2 3
2 Casey Fitzgerald Louis Crevier 50 0 2 3
Penalty Kill 4 Players Forward
Center Wing Time % Phy DF OF
1 Nils Aman Mason Shaw 50 0 3 2
2 Adam Klapka Brandon Duhaime 50 0 3 2
Penalty Kill 4 Players Defense
Defense Defense Time % Phy DF OF
1 William Borgen Tim Berni 50 0 4 1
2 Casey Fitzgerald Louis Crevier 50 0 4 1
Penalty Kill - 3 Players Forward
Forward Time % Phy DF OF
1 Nils Aman 50 0 4 1
2 Mason Shaw 50 0 4 1
Penalty Kill - 3 Players Defense
Defense Defense Time % Phy DF OF
1 William Borgen Tim Berni 50 0 5 0
2 Casey Fitzgerald Louis Crevier 50 0 5 0
4 vs 4 Forward
Center Wing Time % Phy DF OF
1 Juuso Parssinen Brett Murray 50 1 2 2
2 Otto Koivula Alex Steeves 50 1 2 2
4 vs 4 Defense
Defense Defense Time % Phy DF OF
1 William Borgen Tim Berni 50 1 2 2
2 Casey Fitzgerald Louis Crevier 50 1 2 2
Last Minutes Offensive
Center Left Wing Right Wing Defense Defense
Juuso Parssinen Tye Kartye Jaret Anderson-Dolan William Borgen Tim Berni
Last Minutes Defensive
Center Left Wing Right Wing Defense Defense
Nils Aman Mason Shaw Brandon Duhaime William Borgen Tim Berni
Goaltenders
Starting : Taylor Gauthier
Backup : Devin Cooley
Extra Forwards
Normal : Tye Kartye, Nils Aman, Adam Klapka - PP : Tye Kartye, Nils Aman - PK : Adam Klapka
Extra Defensemen
Normal : Louis Crevier, Casey Fitzgerald, Tim Berni - PP : Louis Crevier - PK : Casey Fitzgerald, Tim Berni
Penalty Shots
Alex Steeves, Brett Murray, Brandon Duhaime, Mason Shaw, Jaret Anderson-Dolan
Adelaide Pink Elephants
5 vs 5 Forward
Center Left Wing Right Wing Time % Phy DF OF
1 Adam Gaudette Denis Gurianov AJ Greer 30 1 2 2
2 Matthew Phillips Fredrik Olofsson Tyson Foerster 30 1 2 2
3 Tristen Robins Axel Jonsson-Fjallby Ryan Suzuki 25 1 2 2
4 Ryan Suzuki Denis Gurianov Adam Gaudette 15 1 2 2
5 vs 5 Defense
Defense Defense Time % Phy DF OF
1 Caleb Jones Nick Cicek 30 1 2 2
2 Jacob Bernard-Docker Zachary Jones 30 1 2 2
3 Robin Salo Ville Heinola 25 1 2 2
4 Benjamin Gleason Alex Vlasic 15 1 2 2
PowerPlay Forward
Center Left Wing Right Wing Time % Phy DF OF
1 Adam Gaudette Denis Gurianov AJ Greer 50 1 2 2
2 Matthew Phillips Fredrik Olofsson Tyson Foerster 50 1 2 2
PowerPlay Defense
Defense Defense Time % Phy DF OF
1 Caleb Jones Nick Cicek 50 1 2 2
2 Jacob Bernard-Docker Zachary Jones 50 1 2 2
Penalty Kill 4 Players Forward
Center Wing Time % Phy DF OF
1 Denis Gurianov Adam Gaudette 50 1 2 2
2 Matthew Phillips AJ Greer 50 1 2 2
Penalty Kill 4 Players Defense
Defense Defense Time % Phy DF OF
1 Caleb Jones Nick Cicek 50 1 2 2
2 Jacob Bernard-Docker Zachary Jones 50 1 2 2
Penalty Kill - 3 Players Forward
Forward Time % Phy DF OF
1 Denis Gurianov 50 1 2 2
2 Adam Gaudette 50 1 2 2
Penalty Kill - 3 Players Defense
Defense Defense Time % Phy DF OF
1 Caleb Jones Nick Cicek 50 1 2 2
2 Jacob Bernard-Docker Zachary Jones 50 1 2 2
4 vs 4 Forward
Center Wing Time % Phy DF OF
1 Denis Gurianov Adam Gaudette 50 1 2 2
2 Matthew Phillips AJ Greer 50 1 2 2
4 vs 4 Defense
Defense Defense Time % Phy DF OF
1 Caleb Jones Nick Cicek 50 1 2 2
2 Jacob Bernard-Docker Zachary Jones 50 1 2 2
Last Minutes Offensive
Center Left Wing Right Wing Defense Defense
Adam Gaudette Denis Gurianov AJ Greer Caleb Jones Nick Cicek
Last Minutes Defensive
Center Left Wing Right Wing Defense Defense
Adam Gaudette Denis Gurianov AJ Greer Caleb Jones Nick Cicek
Goaltenders
Starting : Dustin Wolf
Backup : Matthew Murray
Extra Forwards
Normal : Aatu Raty, Tristen Robins, Axel Jonsson-Fjallby - PP : Aatu Raty, Tristen Robins - PK : Axel Jonsson-Fjallby
Extra Defensemen
Normal : Robin Salo, Ville Heinola, Benjamin Gleason - PP : Robin Salo - PK : Ville Heinola, Benjamin Gleason
Penalty Shots
Denis Gurianov, Adam Gaudette, Matthew Phillips, AJ Greer, Tristen Robins
% Time on Ice - Fort Wayne Komets
Lines # - Real PCT - Wanted PCT - Time Play
Normal Forward
1 - 29% - 30% - 15:42
2 - 28% - 30% - 15:07
3 - 29% - 30% - 15:24
4 - 14% - 10% - 7:36
Normal Defense
1 - 40% - 38% - 21:23
2 - 37% - 38% - 20:06
3 - 23% - 24% - 12:20
4 - 0% - 0% - 0:00
PP Forward
1 - 49% - 50% - 1:57
2 - 51% - 50% - 2:01
PP Defense
1 - 46% - 50% - 1:49
2 - 54% - 50% - 2:09
PK Forward
1 - 40% - 50% - 0:53
2 - 60% - 50% - 1:20
PK Defense
1 - 49% - 50% - 1:05
2 - 51% - 50% - 1:08
PK3 Forward
1 - 0% - 50%
2 - 0% - 50%
PK3 Defense
1 - 0% - 50%
2 - 0% - 50%
44 Forward
1 - 0% - 50%
2 - 0% - 50%
44 Defense
1 - 0% - 50%
2 - 0% - 50%
Last Minute Offensive - 0:00
Last Minute Defensive - 0:00
Total
Forward - 60:00
Defense - 60:00
|
% Time on Ice - Adelaide Pink Elephants
Lines # - Real PCT - Wanted PCT - Time Play
Normal Forward
1 - 23% - 30% - 12:34
2 - 32% - 30% - 17:05
3 - 31% - 25% - 16:51
4 - 14% - 15% - 7:19
Normal Defense
1 - 30% - 30% - 16:10
2 - 31% - 30% - 16:38
3 - 24% - 25% - 13:03
4 - 15% - 15% - 7:58
PP Forward
1 - 49% - 50% - 1:05
2 - 51% - 50% - 1:08
PP Defense
1 - 48% - 50% - 1:04
2 - 52% - 50% - 1:09
PK Forward
1 - 50% - 50% - 1:58
2 - 50% - 50% - 2:00
PK Defense
1 - 50% - 50% - 2:00
2 - 50% - 50% - 1:58
PK3 Forward
1 - 0% - 50%
2 - 0% - 50%
PK3 Defense
1 - 0% - 50%
2 - 0% - 50%
44 Forward
1 - 0% - 50%
2 - 0% - 50%
44 Defense
1 - 0% - 50%
2 - 0% - 50%
Last Minute Offensive - 0:00
Last Minute Defensive - 0:00
Total
Forward - 60:00
Defense - 60:00
|
Play-by-Play
1st period
0:01 of 1st period - Juuso Parssinen wins face-off versus Adam Gaudette in neutral zone.
0:04 of 1st period - Snap shot by Juuso Parssinen.
0:04 of 1st period - Shot Misses the Net.
0:26 of 1st period - Otto Koivula is hit by Tyson Foerster and loses puck.
0:33 of 1st period - Wrist shot by Matthew Phillips.
0:33 of 1st period - Stopped by Taylor Gauthier without a rebound.
0:34 of 1st period - Tristen Robins wins face-off versus Adam Klapka in Fort Wayne Komets zone.
0:40 of 1st period - Henry Rybinski beats up Ryan Suzuki.
0:40 of 1st period - Penalty to Ryan Suzuki for Fighting.
0:40 of 1st period - Penalty to Henry Rybinski for Fighting.
0:40 of 1st period - Penalty to Ryan Suzuki for instigated a fight.
0:40 of 1st period - Penalty to Ryan Suzuki for instigated and being the aggresor in a fight.
0:40 of 1st period - Ryan Suzuki is ejected from game.
0:41 of 1st period - Juuso Parssinen wins face-off versus Denis Gurianov in Fort Wayne Komets zone.
1:08 of 1st period - Nick Cicek is hit by William Borgen and loses puck.
2:21 of 1st period - AJ Greer is hit by Otto Koivula and loses puck.
2:40 of 1st period - Penalty to Ryan Suzuki is over, Axel Jonsson-Fjallby is send on ice.
2:56 of 1st period - Snap shot by Adam Klapka.
2:56 of 1st period - Stopped by Dustin Wolf with a rebound.
3:39 of 1st period - Jaret Anderson-Dolan is hit by Benjamin Gleason and loses puck.
4:13 of 1st period - Nick Cicek is hit by Brandon Duhaime and loses puck.
5:30 of 1st period - Icing by Nils Aman.
5:31 of 1st period - Nils Aman wins face-off versus Aatu Raty in Fort Wayne Komets zone.
5:33 of 1st period - Icing by Brandon Duhaime.
5:34 of 1st period - Fredrik Olofsson wins face-off versus Brett Murray in Fort Wayne Komets zone.
6:01 of 1st period - Snap shot by Axel Jonsson-Fjallby.
6:01 of 1st period - Deflect By Tristen Robins.
6:01 of 1st period - Stopped by Taylor Gauthier with a rebound.
6:03 of 1st period - Wrist shot by Tristen Robins.
6:03 of 1st period - Stopped by Taylor Gauthier with a rebound.
6:05 of 1st period - Snap shot by Tristen Robins.
6:05 of 1st period - Shot Misses the Net.
6:07 of 1st period - Wrist shot by Axel Jonsson-Fjallby.
6:07 of 1st period - Shot Misses the Net.
6:46 of 1st period - Wrist shot by Egor Afanasyev.
6:46 of 1st period - Shot Misses the Net.
7:00 of 1st period - Snap shot by Alex Steeves.
7:00 of 1st period - Shot Blocked by Zachary Jones.
7:02 of 1st period - Wrist shot by Brett Murray.
7:02 of 1st period - Deflect By Alex Steeves.
7:02 of 1st period - Shot Blocked by Axel Jonsson-Fjallby.
7:02 of 1st period - Puck is out of play.
7:03 of 1st period - Tristen Robins wins face-off versus Alex Steeves in Adelaide Pink Elephants zone.
7:20 of 1st period - Snap shot by Axel Jonsson-Fjallby.
7:20 of 1st period - Stopped by Taylor Gauthier with a rebound.
7:22 of 1st period - Slapshot by Benjamin Gleason.
7:22 of 1st period - Shot Misses the Net.
7:24 of 1st period - Slapshot by Tristen Robins.
7:24 of 1st period - Stopped by Taylor Gauthier without a rebound.
7:25 of 1st period - Adam Gaudette wins face-off versus Otto Koivula in Fort Wayne Komets zone.
7:40 of 1st period - Snap shot by Tye Kartye.
7:40 of 1st period - Shot Misses the Net.
7:55 of 1st period - Snap shot by Mason Shaw.
7:55 of 1st period - Shot Misses the Net.
8:09 of 1st period - Snap shot by Brandon Duhaime.
8:09 of 1st period - Shot Misses the Net.
8:54 of 1st period - Snap shot by Otto Koivula.
8:54 of 1st period - Shot Misses the Net.
8:56 of 1st period - Snap shot by Otto Koivula.
8:56 of 1st period - Stopped by Dustin Wolf with a rebound.
8:58 of 1st period - Snap shot by Tye Kartye.
8:58 of 1st period - Deflect By Jaret Anderson-Dolan.
8:58 of 1st period - Shot Misses the Net.
8:58 of 1st period - Puck is out of play.
8:59 of 1st period - Adam Klapka wins face-off versus Adam Gaudette in Adelaide Pink Elephants zone.
9:24 of 1st period - Jaret Anderson-Dolan is hit by Axel Jonsson-Fjallby and loses puck.
9:53 of 1st period - Zachary Jones is hit by Peetro Seppala and loses puck.
10:22 of 1st period - Wrist shot by Alex Steeves.
10:22 of 1st period - Shot Misses the Net.
10:24 of 1st period - Slapshot by Tim Berni.
10:24 of 1st period - Shot Misses the Net.
11:36 of 1st period - Snap shot by Juuso Parssinen.
11:36 of 1st period - Stopped by Dustin Wolf with a rebound.
11:38 of 1st period - Snap shot by Brett Murray.
11:38 of 1st period - Deflect By Juuso Parssinen.
11:38 of 1st period - Stopped by Dustin Wolf with a rebound.
12:01 of 1st period - Matthew Phillips is hit by Adam Klapka and loses puck.
13:27 of 1st period - Icing by Tristen Robins.
13:28 of 1st period - Otto Koivula wins face-off versus Tristen Robins in Adelaide Pink Elephants zone.
13:29 of 1st period - Wrist shot by Tye Kartye.
13:29 of 1st period - Stopped by Dustin Wolf with a rebound.
13:57 of 1st period - Backhand shot by Tyson Foerster.
13:57 of 1st period - Stopped by Taylor Gauthier with a rebound.
13:59 of 1st period - Slapshot by Caleb Jones.
13:59 of 1st period - Shot Misses the Net.
14:05 of 1st period - Snap shot by Fredrik Olofsson.
14:05 of 1st period - Shot Misses the Net.
14:50 of 1st period - Snap shot by Tye Kartye.
14:50 of 1st period - Stopped by Dustin Wolf with a rebound.
15:40 of 1st period - 10 Minutes Misconduct Penalty to Ryan Suzuki is over.
16:29 of 1st period - Icing by Benjamin Gleason.
16:30 of 1st period - Nils Aman wins face-off versus Matthew Phillips in Adelaide Pink Elephants zone.
16:31 of 1st period - Snap shot by Brandon Duhaime.
16:31 of 1st period - Deflect By Nils Aman.
16:31 of 1st period - Stopped by Dustin Wolf without a rebound.
16:32 of 1st period - Matthew Phillips wins face-off versus Otto Koivula in Adelaide Pink Elephants zone.
16:41 of 1st period - Adam Gaudette is hit by William Borgen and loses puck.
17:05 of 1st period - Off-side.
17:06 of 1st period - Adam Klapka wins face-off versus Adam Gaudette in neutral zone.
17:11 of 1st period - Snap shot by Mason Shaw.
17:11 of 1st period - Shot Misses the Net.
17:17 of 1st period - Denis Gurianov is hit by Adam Klapka and loses puck.
17:32 of 1st period - Adam Gaudette is hit by Tim Berni and loses puck.
17:37 of 1st period - Wrist shot by Jaret Anderson-Dolan.
17:37 of 1st period - Shot Misses the Net.
17:39 of 1st period - Wrist shot by Otto Koivula.
17:39 of 1st period - Shot Blocked by Adam Gaudette.
17:41 of 1st period - Wrist shot by Louis Crevier.
17:41 of 1st period - Stopped by Dustin Wolf without a rebound.
17:42 of 1st period - Matthew Phillips wins face-off versus Juuso Parssinen in Adelaide Pink Elephants zone.
17:42 of 1st period - Matthew Phillips is hit by Juuso Parssinen.
17:50 of 1st period - Slapshot by Tyson Foerster.
17:50 of 1st period - Stopped by Taylor Gauthier with a rebound.
18:07 of 1st period - Peetro Seppala is hit by Axel Jonsson-Fjallby and loses puck.
18:38 of 1st period - Snap shot by Brandon Duhaime.
18:38 of 1st period - Stopped by Dustin Wolf with a rebound.
18:42 of 1st period - Backhand shot by Brandon Duhaime.
18:42 of 1st period - Stopped by Dustin Wolf without a rebound.
18:43 of 1st period - Nils Aman wins face-off versus Adam Gaudette in Adelaide Pink Elephants zone.
18:48 of 1st period - Slapshot by Nils Aman.
18:48 of 1st period - Shot Misses the Net.
18:50 of 1st period - Wrist shot by Egor Afanasyev.
18:50 of 1st period - Deflect By Nils Aman.
18:50 of 1st period - Stopped by Dustin Wolf without a rebound.
18:51 of 1st period - Adam Gaudette wins face-off versus Juuso Parssinen in Adelaide Pink Elephants zone.
18:51 of 1st period - Adam Gaudette is hit by Alex Steeves.
19:01 of 1st period - Wrist shot by Juuso Parssinen.
19:01 of 1st period - Stopped by Dustin Wolf without a rebound.
19:02 of 1st period - Otto Koivula wins face-off versus Adam Gaudette in Adelaide Pink Elephants zone.
19:07 of 1st period - Snap shot by Otto Koivula.
19:07 of 1st period - Shot Misses the Net.
19:09 of 1st period - Slapshot by William Borgen.
19:09 of 1st period - Deflect By Tye Kartye.
19:09 of 1st period - Stopped by Dustin Wolf with a rebound.
19:15 of 1st period - Slapshot by Otto Koivula.
19:15 of 1st period - Stopped by Dustin Wolf without a rebound.
19:16 of 1st period - Matthew Phillips wins face-off versus Adam Klapka in Adelaide Pink Elephants zone.
19:16 of 1st period - Matthew Phillips is hit by Adam Klapka.
19:26 of 1st period - Wrist shot by Matthew Phillips.
19:26 of 1st period - Shot Misses the Net.
19:28 of 1st period - Wrist shot by Tyson Foerster.
19:28 of 1st period - Shot Misses the Net.
19:30 of 1st period - Slapshot by Zachary Jones.
19:30 of 1st period - Shot Blocked by Louis Crevier.
19:47 of 1st period - Denis Gurianov is hit by Alex Steeves and loses puck.
Goals for this period are 0 for Fort Wayne Komets vs 0 for Adelaide Pink Elephants.
Shots for this period are 14 for Fort Wayne Komets vs 7 for Adelaide Pink Elephants.
2nd period
0:01 of 2nd period - Adam Gaudette wins face-off versus Otto Koivula in neutral zone.
0:47 of 2nd period - Snap shot by Tye Kartye.
0:47 of 2nd period - Stopped by Dustin Wolf with a rebound.
0:52 of 2nd period - Icing by Tristen Robins.
0:53 of 2nd period - Tristen Robins wins face-off versus Mason Shaw in Adelaide Pink Elephants zone.
0:53 of 2nd period - Tristen Robins is hit by Adam Klapka.
1:02 of 2nd period - Aatu Raty and Peetro Seppala fight to a draw.
1:02 of 2nd period - Penalty to Aatu Raty for Fighting.
1:02 of 2nd period - Penalty to Peetro Seppala for Fighting.
1:03 of 2nd period - Adam Gaudette wins face-off versus Alex Steeves in Adelaide Pink Elephants zone.
3:05 of 2nd period - Nick Cicek is hit by Tye Kartye and loses puck.
3:34 of 2nd period - Adam Klapka is hit by Adam Gaudette and loses puck.
4:17 of 2nd period - Wrist shot by Otto Koivula.
4:17 of 2nd period - Stopped by Dustin Wolf without a rebound.
4:18 of 2nd period - Juuso Parssinen wins face-off versus Tyson Foerster in Adelaide Pink Elephants zone.
4:21 of 2nd period - Snap shot by Alex Steeves.
4:21 of 2nd period - Shot Blocked by Caleb Jones.
4:43 of 2nd period - Wrist shot by Brandon Duhaime.
4:43 of 2nd period - Stopped by Dustin Wolf with a rebound.
4:45 of 2nd period - Snap shot by Brandon Duhaime.
4:45 of 2nd period - Shot Blocked by Nick Cicek.
5:10 of 2nd period - Denis Gurianov is hit by Adam Klapka and loses puck.
5:15 of 2nd period - Snap shot by Mason Shaw.
5:15 of 2nd period - Stopped by Dustin Wolf with a rebound.
5:37 of 2nd period - Tristen Robins is hit by Louis Crevier and loses puck.
5:55 of 2nd period - Wrist shot by Denis Gurianov.
5:55 of 2nd period - Stopped by Taylor Gauthier with a rebound.
5:57 of 2nd period - Slapshot by Jacob Bernard-Docker.
5:57 of 2nd period - Deflect By Denis Gurianov.
5:57 of 2nd period - Stopped by Taylor Gauthier without a rebound.
5:58 of 2nd period - Adam Klapka wins face-off versus Matthew Phillips in Fort Wayne Komets zone.
6:53 of 2nd period - Fredrik Olofsson is hit by Louis Crevier.
7:12 of 2nd period - Slapshot by Otto Koivula.
7:12 of 2nd period - Shot Blocked by Benjamin Gleason.
7:14 of 2nd period - Snap shot by Adam Klapka.
7:14 of 2nd period - Deflect By Henry Rybinski.
7:14 of 2nd period - Stopped by Dustin Wolf without a rebound.
7:15 of 2nd period - Aatu Raty wins face-off versus Henry Rybinski in Adelaide Pink Elephants zone.
7:56 of 2nd period - Nick Cicek is hit by Alex Steeves and loses puck.
8:01 of 2nd period - Wrist shot by Juuso Parssinen.
8:01 of 2nd period - Deflect By Alex Steeves.
8:01 of 2nd period - Shot Misses the Net.
8:01 of 2nd period - Puck is out of play.
8:02 of 2nd period - Adam Gaudette wins face-off versus Juuso Parssinen in Adelaide Pink Elephants zone.
8:21 of 2nd period - Caleb Jones is hit by Louis Crevier and loses puck.
8:43 of 2nd period - Wrist shot by Axel Jonsson-Fjallby.
8:43 of 2nd period - Goal by Axel Jonsson-Fjallby - Fort Wayne Komets : 0 - Adelaide Pink Elephants : 1.
8:44 of 2nd period - Adam Gaudette wins face-off versus Juuso Parssinen in neutral zone.
8:59 of 2nd period - Slapshot by Denis Gurianov.
8:59 of 2nd period - Shot Misses the Net.
9:18 of 2nd period - Nick Cicek is hit by William Borgen and loses puck.
9:56 of 2nd period - Off-side.
9:57 of 2nd period - Denis Gurianov wins face-off versus Nils Aman in neutral zone.
9:57 of 2nd period - AJ Greer beats up Brandon Duhaime.
9:57 of 2nd period - Penalty to AJ Greer for Fighting.
9:57 of 2nd period - Penalty to Brandon Duhaime for Fighting.
9:58 of 2nd period - Adam Klapka wins face-off versus Adam Gaudette in neutral zone.
10:23 of 2nd period - Henry Rybinski is hit by Axel Jonsson-Fjallby and loses puck.
10:32 of 2nd period - Slapshot by Louis Crevier.
10:32 of 2nd period - Shot Misses the Net.
10:34 of 2nd period - Snap shot by Adam Klapka.
10:34 of 2nd period - Shot Misses the Net.
10:36 of 2nd period - Wrist shot by Mason Shaw.
10:36 of 2nd period - Stopped by Dustin Wolf without a rebound.
10:37 of 2nd period - Alex Steeves wins face-off versus Matthew Phillips in Adelaide Pink Elephants zone.
10:38 of 2nd period - Wrist shot by Juuso Parssinen.
10:38 of 2nd period - Shot Blocked by Zachary Jones.
10:40 of 2nd period - Wrist shot by Alex Steeves.
10:40 of 2nd period - Stopped by Dustin Wolf with a rebound.
10:42 of 2nd period - Snap shot by Brett Murray.
10:42 of 2nd period - Shot Misses the Net.
10:44 of 2nd period - Slapshot by William Borgen.
10:44 of 2nd period - Stopped by Dustin Wolf with a rebound.
10:46 of 2nd period - Slapshot by Peetro Seppala.
10:46 of 2nd period - Shot Blocked by Jacob Bernard-Docker.
10:48 of 2nd period - Snap shot by Alex Steeves.
10:48 of 2nd period - Shot Blocked by Matthew Phillips.
11:39 of 2nd period - Wrist shot by Adam Klapka.
11:39 of 2nd period - Deflect By Juuso Parssinen.
11:39 of 2nd period - Goal by Juuso Parssinen - Fort Wayne Komets : 1 - Adelaide Pink Elephants : 1.
11:40 of 2nd period - Adam Gaudette wins face-off versus Juuso Parssinen in neutral zone.
11:43 of 2nd period - Wrist shot by Adam Gaudette.
11:43 of 2nd period - Stopped by Taylor Gauthier with a rebound.
11:45 of 2nd period - Slapshot by Nick Cicek.
11:45 of 2nd period - Shot Misses the Net.
11:47 of 2nd period - Wrist shot by Aatu Raty.
11:47 of 2nd period - Stopped by Taylor Gauthier with a rebound.
11:49 of 2nd period - Snap shot by Aatu Raty.
11:49 of 2nd period - Shot Misses the Net.
11:51 of 2nd period - Snap shot by Caleb Jones.
11:51 of 2nd period - Stopped by Taylor Gauthier with a rebound.
11:53 of 2nd period - Snap shot by Denis Gurianov.
11:53 of 2nd period - Shot Blocked by Juuso Parssinen.
12:05 of 2nd period - Louis Crevier is hit by Fredrik Olofsson.
12:31 of 2nd period - Snap shot by Adam Klapka.
12:31 of 2nd period - Stopped by Dustin Wolf with a rebound.
12:33 of 2nd period - Snap shot by Tim Berni.
12:33 of 2nd period - Shot Misses the Net.
12:35 of 2nd period - Snap shot by Louis Crevier.
12:35 of 2nd period - Stopped by Dustin Wolf without a rebound.
12:36 of 2nd period - Juuso Parssinen wins face-off versus Adam Gaudette in Adelaide Pink Elephants zone.
12:43 of 2nd period - Slapshot by Brett Murray.
12:43 of 2nd period - Stopped by Dustin Wolf with a rebound.
12:45 of 2nd period - Minor Penalty to Adam Gaudette for Hooking.
12:46 of 2nd period - Matthew Phillips wins face-off versus Brett Murray in Adelaide Pink Elephants zone.
12:59 of 2nd period - Slapshot by William Borgen.
12:59 of 2nd period - Deflect By Tye Kartye.
12:59 of 2nd period - Shot Hit the Post.
12:59 of 2nd period - Puck is out of play.
13:00 of 2nd period - Matthew Phillips wins face-off versus Juuso Parssinen in Adelaide Pink Elephants zone.
13:09 of 2nd period - Caleb Jones is hit by Jaret Anderson-Dolan and loses puck.
14:00 of 2nd period - Axel Jonsson-Fjallby is hit by Brett Murray and loses puck.
14:45 of 2nd period - Penalty to Adam Gaudette is over, Adam Gaudette is back on ice.
16:36 of 2nd period - Icing by Matthew Phillips.
16:37 of 2nd period - Otto Koivula wins face-off versus Adam Gaudette in Adelaide Pink Elephants zone.
17:14 of 2nd period - Wrist shot by Henry Rybinski.
17:14 of 2nd period - Deflect By Mason Shaw.
17:14 of 2nd period - Stopped by Dustin Wolf with a rebound.
17:16 of 2nd period - Slapshot by Casey Fitzgerald.
17:16 of 2nd period - Shot Blocked by Jacob Bernard-Docker.
17:18 of 2nd period - Wrist shot by Mason Shaw.
17:18 of 2nd period - Stopped by Dustin Wolf without a rebound.
17:19 of 2nd period - Otto Koivula wins face-off versus Matthew Phillips in Adelaide Pink Elephants zone.
18:11 of 2nd period - Slapshot by William Borgen.
18:11 of 2nd period - Shot Blocked by Caleb Jones.
18:13 of 2nd period - Snap shot by Peetro Seppala.
18:13 of 2nd period - Deflect By Adam Klapka.
18:13 of 2nd period - Stopped by Dustin Wolf with a rebound.
18:15 of 2nd period - Snap shot by Peetro Seppala.
18:15 of 2nd period - Deflect By Mason Shaw.
18:15 of 2nd period - Stopped by Dustin Wolf without a rebound.
18:16 of 2nd period - Juuso Parssinen wins face-off versus Tristen Robins in Adelaide Pink Elephants zone.
18:19 of 2nd period - Wrist shot by Brett Murray.
18:19 of 2nd period - Stopped by Dustin Wolf with a rebound.
18:46 of 2nd period - Off-side.
18:47 of 2nd period - Matthew Phillips wins face-off versus Otto Koivula in neutral zone.
18:52 of 2nd period - Snap shot by Tyson Foerster.
18:52 of 2nd period - Stopped by Taylor Gauthier with a rebound.
18:54 of 2nd period - Backhand shot by Ville Heinola.
18:54 of 2nd period - Deflect By Matthew Phillips.
18:54 of 2nd period - Shot Misses the Net.
18:54 of 2nd period - Puck is out of play.
18:55 of 2nd period - Adam Gaudette wins face-off versus Otto Koivula in Fort Wayne Komets zone.
18:58 of 2nd period - Slapshot by Adam Gaudette.
18:58 of 2nd period - Stopped by Taylor Gauthier with a rebound.
19:00 of 2nd period - Wrist shot by Adam Gaudette.
19:00 of 2nd period - Shot Misses the Net.
19:02 of 2nd period - Wrist shot by Adam Gaudette.
19:02 of 2nd period - Shot Misses the Net.
19:04 of 2nd period - Slapshot by Robin Salo.
19:04 of 2nd period - Stopped by Taylor Gauthier without a rebound.
19:05 of 2nd period - Adam Gaudette wins face-off versus Adam Klapka in Fort Wayne Komets zone.
19:08 of 2nd period - Wrist shot by AJ Greer.
19:08 of 2nd period - Shot Misses the Net.
19:45 of 2nd period - Alex Steeves is hit by Tyson Foerster and loses puck.
Goals for this period are 1 for Fort Wayne Komets vs 1 for Adelaide Pink Elephants.
Shots for this period are 17 for Fort Wayne Komets vs 9 for Adelaide Pink Elephants.
3rd period
0:01 of 3rd period - Adam Klapka wins face-off versus Adam Gaudette in neutral zone.
0:04 of 3rd period - Slapshot by William Borgen.
0:04 of 3rd period - Stopped by Dustin Wolf with a rebound.
0:06 of 3rd period - Wrist shot by Mason Shaw.
0:06 of 3rd period - Deflect By Adam Gaudette.
0:06 of 3rd period - Stopped by Dustin Wolf without a rebound.
0:07 of 3rd period - Adam Gaudette wins face-off versus Adam Klapka in Adelaide Pink Elephants zone.
0:07 of 3rd period - Adam Gaudette is hit by Mason Shaw.
1:18 of 3rd period - Denis Gurianov is hit by Tim Berni and loses puck.
1:46 of 3rd period - Off-side.
1:47 of 3rd period - Tristen Robins wins face-off versus Otto Koivula in neutral zone.
1:49 of 3rd period - Off-side.
1:50 of 3rd period - Otto Koivula wins face-off versus Axel Jonsson-Fjallby in neutral zone.
1:53 of 3rd period - Snap shot by Tye Kartye.
1:53 of 3rd period - Stopped by Dustin Wolf without a rebound.
1:54 of 3rd period - Adam Gaudette wins face-off versus Otto Koivula in Adelaide Pink Elephants zone.
2:27 of 3rd period - Wrist shot by Matthew Phillips.
2:27 of 3rd period - Stopped by Taylor Gauthier with a rebound.
2:29 of 3rd period - Slapshot by Nick Cicek.
2:29 of 3rd period - Stopped by Taylor Gauthier with a rebound.
3:23 of 3rd period - Snap shot by Tye Kartye.
3:23 of 3rd period - Shot Blocked by Adam Gaudette.
3:25 of 3rd period - Wrist shot by Otto Koivula.
3:25 of 3rd period - Shot Misses the Net.
3:27 of 3rd period - Backhand shot by Jaret Anderson-Dolan.
3:27 of 3rd period - Shot Blocked by AJ Greer.
3:29 of 3rd period - Slapshot by Louis Crevier.
3:29 of 3rd period - Stopped by Dustin Wolf without a rebound.
3:30 of 3rd period - Matthew Phillips wins face-off versus Adam Klapka in Adelaide Pink Elephants zone.
3:30 of 3rd period - Matthew Phillips is hit by Mason Shaw.
3:43 of 3rd period - Minor Penalty to Adam Klapka for Interference.
3:44 of 3rd period - Adam Gaudette wins face-off versus Mason Shaw in Fort Wayne Komets zone.
3:55 of 3rd period - Snap shot by Denis Gurianov.
3:55 of 3rd period - Stopped by Taylor Gauthier with a rebound.
3:57 of 3rd period - Snap shot by AJ Greer.
3:57 of 3rd period - Shot Blocked by Louis Crevier.
3:59 of 3rd period - Slapshot by Nick Cicek.
3:59 of 3rd period - Stopped by Taylor Gauthier with a rebound.
4:18 of 3rd period - Nick Cicek is hit by Brandon Duhaime and loses puck.
5:21 of 3rd period - Nick Cicek is hit by Casey Fitzgerald and loses puck.
5:40 of 3rd period - Matthew Phillips is hit by Alex Steeves and loses puck.
5:43 of 3rd period - Penalty to Adam Klapka is over, Adam Klapka is back on ice.
5:49 of 3rd period - Fredrik Olofsson is hit by Adam Klapka and loses puck.
5:55 of 3rd period - Off-side.
5:56 of 3rd period - Adam Klapka wins face-off versus Tristen Robins in neutral zone.
6:05 of 3rd period - Snap shot by Adam Klapka.
6:05 of 3rd period - Stopped by Dustin Wolf without a rebound.
6:06 of 3rd period - Tristen Robins wins face-off versus Adam Klapka in Adelaide Pink Elephants zone.
6:21 of 3rd period - Aatu Raty is hit by Henry Rybinski and loses puck.
6:31 of 3rd period - Snap shot by Adam Klapka.
6:31 of 3rd period - Deflect By Henry Rybinski.
6:31 of 3rd period - Stopped by Dustin Wolf with a rebound.
6:35 of 3rd period - Slapshot by Henry Rybinski.
6:35 of 3rd period - Stopped by Dustin Wolf with a rebound.
6:37 of 3rd period - Snap shot by Mason Shaw.
6:37 of 3rd period - Shot Misses the Net.
6:49 of 3rd period - Wrist shot by Mason Shaw.
6:49 of 3rd period - Shot Blocked by Robin Salo.
6:51 of 3rd period - Wrist shot by Peetro Seppala.
6:51 of 3rd period - Stopped by Dustin Wolf without a rebound.
6:52 of 3rd period - Adam Gaudette wins face-off versus Juuso Parssinen in Adelaide Pink Elephants zone.
6:52 of 3rd period - Adam Gaudette is hit by Brett Murray.
7:26 of 3rd period - Slapshot by Caleb Jones.
7:26 of 3rd period - Shot Misses the Net.
7:28 of 3rd period - Slapshot by Matthew Phillips.
7:28 of 3rd period - Goal by Matthew Phillips - Fort Wayne Komets : 1 - Adelaide Pink Elephants : 2.
7:29 of 3rd period - Juuso Parssinen wins face-off versus Adam Gaudette in neutral zone.
7:38 of 3rd period - Slapshot by Brett Murray.
7:38 of 3rd period - Stopped by Dustin Wolf with a rebound.
7:54 of 3rd period - Jaret Anderson-Dolan is hit by Caleb Jones and loses puck.
9:07 of 3rd period - Slapshot by Henry Rybinski.
9:07 of 3rd period - Shot Misses the Net.
9:09 of 3rd period - Slapshot by Tim Berni.
9:09 of 3rd period - Stopped by Dustin Wolf with a rebound.
9:37 of 3rd period - Zachary Jones is hit by Casey Fitzgerald.
10:19 of 3rd period - Snap shot by Jaret Anderson-Dolan.
10:19 of 3rd period - Shot Misses the Net.
10:32 of 3rd period - Off-side.
10:33 of 3rd period - Tristen Robins wins face-off versus Nils Aman in neutral zone.
11:29 of 3rd period - Snap shot by Juuso Parssinen.
11:29 of 3rd period - Deflect By Alex Steeves.
11:29 of 3rd period - Stopped by Dustin Wolf without a rebound.
11:30 of 3rd period - Juuso Parssinen wins face-off versus Matthew Phillips in Adelaide Pink Elephants zone.
11:38 of 3rd period - Minor Penalty to Tim Berni for Hooking.
11:39 of 3rd period - Adam Gaudette wins face-off versus Nils Aman in Fort Wayne Komets zone.
11:44 of 3rd period - Wrist shot by Denis Gurianov.
11:44 of 3rd period - Goal by Denis Gurianov - Fort Wayne Komets : 1 - Adelaide Pink Elephants : 3.
11:45 of 3rd period - Jaret Anderson-Dolan wins face-off versus Adam Gaudette in neutral zone.
13:07 of 3rd period - Snap shot by Brett Murray.
13:07 of 3rd period - Shot Blocked by Ville Heinola.
13:09 of 3rd period - Backhand shot by Tim Berni.
13:09 of 3rd period - Deflect By Alex Steeves.
13:09 of 3rd period - Stopped by Dustin Wolf with a rebound.
13:19 of 3rd period - Snap shot by Brett Murray.
13:19 of 3rd period - Shot Misses the Net.
13:21 of 3rd period - Slapshot by Louis Crevier.
13:21 of 3rd period - Deflect By Brett Murray.
13:21 of 3rd period - Shot Misses the Net.
13:21 of 3rd period - Puck is out of play.
13:22 of 3rd period - Otto Koivula wins face-off versus Adam Gaudette in Adelaide Pink Elephants zone.
13:23 of 3rd period - Snap shot by Tye Kartye.
13:23 of 3rd period - Shot Misses the Net.
13:24 of 3rd period - AJ Greer beats up Tye Kartye.
13:24 of 3rd period - Penalty to AJ Greer for Fighting.
13:24 of 3rd period - Penalty to Tye Kartye for Fighting.
13:25 of 3rd period - Adam Gaudette wins face-off versus Otto Koivula in Adelaide Pink Elephants zone.
13:25 of 3rd period - Adam Gaudette is hit by Jaret Anderson-Dolan.
13:28 of 3rd period - Icing by Denis Gurianov.
13:29 of 3rd period - Otto Koivula wins face-off versus Adam Gaudette in Adelaide Pink Elephants zone.
13:41 of 3rd period - Minor Penalty to William Borgen for High sticking.
13:42 of 3rd period - Matthew Phillips wins face-off versus Nils Aman in Fort Wayne Komets zone.
13:43 of 3rd period - Snap shot by Fredrik Olofsson.
13:43 of 3rd period - Stopped by Taylor Gauthier with a rebound.
13:45 of 3rd period - Wrist shot by Fredrik Olofsson.
13:45 of 3rd period - Shot Blocked by Tim Berni.
13:47 of 3rd period - Snap shot by Tyson Foerster.
13:47 of 3rd period - Shot Misses the Net.
13:49 of 3rd period - Slapshot by Fredrik Olofsson.
13:49 of 3rd period - Goal by Fredrik Olofsson - Fort Wayne Komets : 1 - Adelaide Pink Elephants : 4.
13:50 of 3rd period - Adam Gaudette wins face-off versus Adam Klapka in neutral zone.
14:16 of 3rd period - William Borgen is hit by Fredrik Olofsson and loses puck.
14:21 of 3rd period - Snap shot by Fredrik Olofsson.
14:21 of 3rd period - Shot Blocked by Otto Koivula.
14:23 of 3rd period - Slapshot by Jacob Bernard-Docker.
14:23 of 3rd period - Shot Blocked by Peetro Seppala.
14:25 of 3rd period - Slapshot by Zachary Jones.
14:25 of 3rd period - Stopped by Taylor Gauthier without a rebound.
14:26 of 3rd period - Matthew Phillips wins face-off versus Brett Murray in Fort Wayne Komets zone.
14:53 of 3rd period - Snap shot by Jacob Bernard-Docker.
14:53 of 3rd period - Stopped by Taylor Gauthier without a rebound.
14:54 of 3rd period - Adam Klapka wins face-off versus Axel Jonsson-Fjallby in Fort Wayne Komets zone.
15:48 of 3rd period - Wrist shot by Alex Steeves.
15:48 of 3rd period - Stopped by Dustin Wolf without a rebound.
15:49 of 3rd period - Adam Gaudette wins face-off versus Adam Klapka in Adelaide Pink Elephants zone.
15:49 of 3rd period - Jacob Bernard-Docker and Adam Klapka fight to a draw.
15:49 of 3rd period - Penalty to Jacob Bernard-Docker for Fighting.
15:49 of 3rd period - Penalty to Adam Klapka for Fighting.
15:50 of 3rd period - Adam Gaudette wins face-off versus Nils Aman in Adelaide Pink Elephants zone.
16:01 of 3rd period - Snap shot by Adam Gaudette.
16:01 of 3rd period - Shot Blocked by Louis Crevier.
16:24 of 3rd period - Snap shot by Fredrik Olofsson.
16:24 of 3rd period - Shot Misses the Net.
Goals for this period are 0 for Fort Wayne Komets vs 3 for Adelaide Pink Elephants.
Shots for this period are 13 for Fort Wayne Komets vs 10 for Adelaide Pink Elephants.
Back to the Top